 Dungeon Crawl Stone Soup version 0.32-a0-685-g93135e86f0 (webtiles) character file.

Game seed: 18339476051300809064

235 IdlyInterested the Slasher (level 5, -2/38 HPs)
             Began as a Demonspawn Gladiator on Mar 12, 2024.
             Slain by an ogre
             ... wielding a +0 giant spiked club
              (13 damage)
             ... on level 4 of the Dungeon.
             The game lasted 00:08:27 (2052 turns).

IdlyInterested the Slasher (Demonspawn Gladiator)   Turns: 2052, Time: 00:08:28

Health: -2/38      AC: 14    Str: 25    XL:     5   Next: 76%
Magic:  5/5        EV: 10    Int:  9    God:
Gold:   157        SH:  0    Dex: 18    Spells: 4/4 levels left

rFire   . . .        a - +0 long sword
rCold   . . .        (no shield)
rNeg    . . .        J - +0 chain mail
rPois   +            c - +0 helmet
rElec   .            (no cloak)
rCorr   +            z - +0 pair of gloves of the Moon Troll {Str+5 Dex+2}
SInv    .            (no boots)
Will    .....        (no amulet) Stlth
                     v - +6 ring of strength
HPRegen 0.26/turn    u - ring of poison resistance
MPRegen 0.09/turn

%: no passive effects
@: no status effects
A: yellow scales 3, demonic guardian 1
a: no special abilities


You were on level 4 of the Dungeon.
You visited 1 branch of the dungeon, and saw 4 of its levels.

You collected 157 gold pieces.

Inventory:

Hand Weapons
 a - a +0 long sword (weapon)
 j - a +0 short sword
 o - a +0 spear
 t - a +0 quarterstaff
 y - a +1 short sword of protection
 H - a +0 falchion
Missiles
 d - 5 throwing nets
 e - 3 javelins
 g - 2 atropa-tipped darts
 m - 19 stones (quivered)
 B - 5 poisoned darts
 G - 3 boomerangs
Armour
 b - a +0 leather armour
 c - a +0 helmet (worn)
 i - a +0 ring mail
 z - the +0 pair of gloves of the Moon Troll (worn) {Str+5 Dex+2}
   (You found it on level 2 of the Dungeon)

   Str+5:     It affects your strength (+5).
   Dex+2:     It affects your dexterity (+2).
 I - a +0 scale mail
 J - a +0 chain mail (worn)
Magical Staves
 k - a staff of fire
Jewellery
 u - a ring of poison resistance (right hand)
 v - a +6 ring of strength (left hand)
Talismans
 C - a beast talisman
 K - a serpent talisman
Scrolls
 l - a scroll of fog {unknown}
 n - a scroll of revelation
 p - a scroll of vulnerability {unknown}
 r - a scroll of amnesia
 s - 3 scrolls of teleportation
 w - 2 scrolls of silence
 x - a scroll of acquirement
 E - a scroll of immolation
 F - a scroll of enchant weapon {unknown}
Potions
 f - a potion of brilliance {unknown}
 h - a potion of haste {unknown}
 q - 4 potions of curing
 A - a potion of lignification {unknown}
 D - a potion of resistance {unknown}


   Skills:
 - Level 2.0 Fighting
 + Level 4.7 Long Blades
 - Level 1.7 Throwing
 - Level 1.0 Armour
 - Level 2.6 Dodging
 + Level 3.1 Stealth
 - Level 1.0 Evocations


You had 4 spell levels left.
You didn't know any spells.
Your spell library was empty.

Dungeon Overview and Level Annotations

Branches:
Dungeon (4/15)
 Temple: D:4-7

Altars:
Cheibriados


Innate Abilities, Weirdness & Mutations

You are completely covered in yellow scales. (AC +4, rCorr)
A weak demonic guardian rushes to your aid.


Message History

Throw: 23 stones
Press: ? - help, Q - select action, (/) - cycle Shift-Dir - straight line, f - ogre
Aim: an ogre, wielding a +0 giant spiked club (74% to hit)
You throw a stone. The stone hits the ogre.
The ogre is lightly wounded.
Throw: 22 stones
Press: ? - help, Q - select action, (/) - cycle Shift-Dir - straight line, f/p - ogre
Aim: an ogre, wielding a +0 giant spiked club (lightly wounded, 74% to hit)
You throw a stone. The stone closely misses the ogre.
Throw: 21 stones
Press: ? - help, Q - select action, (/) - cycle Shift-Dir - straight line, f/p - ogre
Aim: an ogre, wielding a +0 giant spiked club (lightly wounded, 74% to hit)
You throw a stone. The stone barely misses the ogre.
Throw: 20 stones
Press: ? - help, Q - select action, (/) - cycle Shift-Dir - straight line, f/p - ogre
Aim: an ogre, wielding a +0 giant spiked club (lightly wounded, 74% to hit)
You throw a stone.
The stone hits the ogre but does no damage.
The ogre is lightly wounded.
You slash the ogre!
The ogre is heavily wounded.
The ogre hits you with a +0 giant spiked club!
You barely miss the ogre.
The ogre is heavily wounded.
You hit the ogre but do no damage.
The ogre is heavily wounded.
The ogre hits you with a +0 giant spiked club!
You hit the ogre.
The ogre is heavily wounded.
The ogre closely misses you.
A kobold comes into view. It is wielding a +0 short sword.
The kobold shouts!
You hit the ogre but do no damage.
The ogre is heavily wounded.
The ogre hits you with a +0 giant spiked club!
* * * LOW HITPOINT WARNING * * *
You hit the ogre.
The ogre is heavily wounded.
The ogre hits you with a +0 giant spiked club!
You die...

###.......####.
#.........#....#
.#..............
...............##
#....K...(.# .#.##
#......><..##.....
...............#
......O.......##...
#.....@...........
#.#.......†...#...
#..............#
#.................
#..#...#.......##.#
#. #...#......... .
# ###........#...
......#.##... ..
^..#..


You could see an ogre and a kobold.

Vanquished Creatures
  A scorpion (D:4)
  A bombardier beetle (D:3)
  Jessica (D:2)
  4 adders
  A dart slug (D:1)
  6 orcs (D:3)
  9 ball pythons
  4 bats
  5 endoplasms
  3 giant cockroaches
  5 goblins
  6 hobgoblins
  3 quokkas
  3 frilled lizards
  8 kobolds
  6 rats
66 creatures vanquished.

Vanquished Creatures (collateral kills)
  A dart slug (D:3)
  3 orcs (D:3)
  A hobgoblin (D:3)
5 creatures vanquished.

Grand Total: 71 creatures vanquished

Notes
Turn   | Place    | Note
-------+----------+-------------------------------------------
     0 | D:1      | IdlyInterested the Demonspawn Gladiator began the quest for
                  | the Orb.
     0 | D:1      | Reached XP level 1. HP: 16/16 MP: 1/1
    98 | D:1      | Reached skill level 1 in Stealth
   116 | D:1      | Reached skill level 3 in Long Blades
   116 | D:1      | Gained mutation: You are partially covered in yellow
                  | scales. (AC +2) [demonic ancestry]
   116 | D:1      | Reached XP level 2. HP: 22/22 MP: 2/2
   224 | D:1      | Reached skill level 1 in Armour
   410 | D:1      | Gained mutation: A weak demonic guardian rushes to your
                  | aid. [demonic ancestry]
   410 | D:1      | Reached XP level 3. HP: 24/27 MP: 3/3
   895 | D:2      | Noticed Jessica
   905 | D:2      | Killed Jessica
   906 | D:2      | Reached skill level 1 in Evocations
  1059 | D:2      | Gained mutation: You are mostly covered in yellow scales.
                  | (AC +3) [demonic ancestry]
  1059 | D:2      | Reached XP level 4. HP: 33/33 MP: 4/4
  1096 | D:2      | Identified the +0 pair of gloves of the Moon Troll {Str+5
                  | Dex+2}
  1387 | D:2      | Found a faded altar of an unknown god.
  1451 | D:3      | Found a snail-covered altar of Cheibriados.
  1467 | D:3      | Reached skill level 4 in Long Blades
  1590 | D:3      | Identified a scroll of acquirement
  1618 | D:3      | Gained mutation: You are completely covered in yellow
                  | scales. (AC +4, rCorr) [demonic ancestry]
  1618 | D:3      | Reached XP level 5. HP: 35/38 MP: 5/5
  2041 | D:4      | Noticed an ogre
  2052 | D:4      | Slain by an ogre

Illustrated notes

Levels and vault maps discovered:
D:1:      reono_arrival_forest_river, layout_rooms
D:2:      minmay_angry_zag, layout_basic, dilly_ecumenical_altar_fadedgnrine,
          uniq_jessica
D:3:      layout_rooms, mainiacjoe_overflow_small_starburst, dk_noncrumbling_3
D:4:      layout_cave_pools, chequers_temple_overflow_statue_of_worship,
          gammafunk_ghost_cemetery, grunt_ministairs_15, minivault_5,
          kennysheep_cross_room, uniq_natasha

Skill      XL: |  1  2  3  4  5 |
---------------+----------------+-----
Stealth        | 1 2 3 |  3.1
Long Blades    | 3 4 |  4.7
Armour         | 1 |  1.0
Evocations     | 1 |  1.0
Fighting       | |  2.0
Throwing       | |  1.7
Dodging        | |  2.6

Action                     |  1- 3 |  4- 6 || total
---------------------------+-------+-------++-------
  Melee: Long sword        |    90 |   119 ||   209
  Throw: Stone             |       |     4 ||     4
    Use: Scroll            |     2 |     4 ||     6
         Potion            |     1 |     2 ||     3
   Stab: Sleeping          |     2 |     1 ||     3
 Armour: Leather armour    |     5 |       ||     5
         Ring mail         |    56 |    77 ||   133
         Scale mail        |       |    16 ||    16
         Chain mail        |       |    12 ||    12
  Dodge: Dodged            |    44 |   104 ||   148

Table legend: (Time is in decaauts)
 A = Elapsed time spent in this place.
 B = Non-inter-level travel time spent in this place.
 C = Inter-level travel time spent in this place.
 D = Time resting spent in this place.
 E = Time spent auto-exploring this place.
 F = Levels seen in this place.
 G = Mean time per level.
                   A        B        C        D        E       F      G
               +--------+--------+--------+--------+--------+-----+--------+
         Total |   2121 |   2032 |     89 |    136 |   1197 |   4 |  530.2 |
       Dungeon |   2121 |   2032 |     89 |    136 |   1197 |   4 |  530.2 |
               +--------+--------+--------+--------+--------+-----+--------+

Top non-repeatable levels by time:
     D:2: 781 daAuts
     D:1: 710 daAuts
     D:3: 596 daAuts
     D:4: 32 daAuts
